 Dungeon Crawl Stone Soup version 0.18.1-50-g88ac8fd (webtiles) character file.

9397 saintsgambit the Cruncher (level 11, -1/85 HPs)
             Began as a Minotaur Gladiator on Nov 7, 2016.
             Was a High Priest of Okawaru.
             Killed from afar by a manticore (12 damage)
             ... with a volley of spikes
             ... on level 11 of the Dungeon.
             The game lasted 00:29:05 (8780 turns).

saintsgambit the Cruncher (Minotaur Gladiator)      Turns: 8780, Time: 00:29:06

Health: -1/85      AC: 13    Str: 21    XL:     11   Next: 22%
Magic:  11/11      EV: 17    Int:  5    God:    Okawaru [*****.]
Gold:   587        SH:  0    Dex: 12    Spells: 0 memorised, 10 levels left

rFire  . . .     SeeInvis +     a - +1 quarterstaff
rCold  . . .     Gourm    .     Q - +0 steam dragon armour
rNeg   + . .     Faith    .     (shield currently unavailable)
rPois  .         Spirit   .     c - +1 hat
rElec  .         Dismiss  .     A - +0 cloak
rCorr  .         Reflect  .     (no gloves)
SustAt .         Harm     .     (no boots)
MR     .....                    (no amulet)
Stlth  ++........               n - ring of see invisible
                                t - ring of positive energy

@: manticore barbs, not resistant to hostile enchantments, unstealthy
A: retaliatory headbutt, hooves 1, horns 2, rough black scales 1, frail 1, slow
regeneration 1
a: Heroism, Finesse, Renounce Religion


You were on level 11 of the Dungeon.
You worshipped Okawaru.
Okawaru was extremely pleased with you.
You were not hungry.

You visited 1 branch of the dungeon, and saw 11 of its levels.

You collected 587 gold pieces.

Inventory:

Hand Weapons
 a - a +1 quarterstaff (weapon)
 r - a +4 quarterstaff of chaos
 u - a +0 quarterstaff
Missiles
 o - 3 javelins (quivered)
 q - 7 tomahawks of returning
 P - 2 poisoned javelins
Armour
 c - a +1 hat (worn)
 g - a +2 buckler
 w - a +0 scale mail
 A - a +0 cloak (worn)
 Q - a +0 steam dragon armour (worn)
Rods
 s - a -2 lightning rod (10/10)
   (You found it on level 9 of the Dungeon)
Jewellery
 b - an uncursed amulet of guardian spirit {unknown}
 h - a cursed ring of teleportation
 m - an uncursed amulet of regeneration
 n - a ring of see invisible (right hand)
 t - a ring of positive energy (left hand)
 y - an uncursed amulet of dismissal
 S - a cursed amulet of magic regeneration {unknown}
 T - an uncursed ring of ice
Wands
 x - a wand of digging (16/24)
 z - a wand of teleportation (5/9)
 F - a wand of confusion (34/48)
Scrolls
 e - 6 scrolls of identify
 l - 4 scrolls of remove curse
 p - a scroll of magic mapping
 G - a scroll of enchant armour
 H - a scroll of noise {unknown}
 L - a scroll of teleportation {unknown}
 O - a scroll of blinking
Potions
 i - a potion of brilliance
 k - 3 potions of flight
 v - 2 potions of curing
 B - 2 potions of cancellation {unknown}
 E - 3 potions of lignification {unknown}
 I - 2 potions of invisibility {unknown}
 J - a potion of berserk rage {unknown}
 K - 2 potions of heal wounds
 M - 2 potions of resistance {unknown}
 R - a potion of ambrosia {unknown}
Miscellaneous
 N - a lamp of fire
Comestibles
 f - 4 bread rations
 j - 3 meat rations
 D - a royal jelly


   Skills:
 + Level 8.8 Fighting
 + Level 11.3 Staves
 + Level 3.5 Throwing
 + Level 9.5 Armour
 + Level 10.7 Dodging
 + Level 2.4 Stealth
 + Level 2.6 Invocations


You had 10 spell levels left.
You didn't know any spells.

Dungeon Overview and Level Annotations

Branches:
Dungeon (11/15)            Temple (0/1) D:5
   Lair: D:8-11         Orc: D:9-12

Altars:
Dithmenos
Gozag
Nemelex Xobeh
Okawaru
Pakellas

Annotations:
D:5 exclusion: oklob sapling
D:8 exclusion: obsidian statue


Innate Abilities, Weirdness & Mutations

You reflexively headbutt those who attack you in melee.
You have a pair of horns on your head.
You have large cloven feet.
You are partially covered in rough black scales (AC +4, Dex -1).
You are frail (-10% HP).
You regenerate slowly when monsters are visible.


Message History

Throwing (i - inventory. (,) - cycle):
o - 5 javelins (quivered)
Press: ? - help, Shift-Dir - straight line, f/p - manticore
Aim: a manticore (moderately wounded)
You throw a javelin. The javelin hits the manticore!
The manticore is heavily wounded.
The manticore flicks its tail.
The volley of spikes misses you.
Throwing (i - inventory. (,) - cycle):
o - 4 javelins (quivered)
Press: ? - help, Shift-Dir - straight line, f/p - manticore
Aim: a manticore (heavily wounded)
You throw a javelin.
The javelin barely misses the manticore.
The manticore flicks its tail.
The volley of spikes hits you!
The barbed spikes become lodged in your body.
* * * LOW HITPOINT WARNING * * *
The manticore flicks its tail.
The volley of spikes hits you!
The barbed spikes become lodged in your body.
You die...

.........#
.........#
.........##
..........
(........#
..H......#
.........#
......>@.#
#######.##
#.# #.# #.#
# #.##.#
##....#
#..#....#
#.###....#


You could see a manticore.

Vanquished Creatures
  Fannar (D:11)
  A centaur warrior (D:9)
  An unseen horror (D:10)
  A hill giant (D:10)
  The ghost of Bacchanal the Skirmisher, a novice FoAM (D:4)
  Grinder (D:5)
  3 wyverns
  3 hippogriffs
  3 wraiths
  Grum (D:8)
  A steam dragon (D:9)
  2 hungry ghosts
  A water moccasin (D:10)
  5 orc warriors
  An ice beast (D:10)
  4 sky beasts
  3 wasps
  2 phantoms
  A black bear (D:9)
  2 wolves (D:8)
  4 ogres
  5 centaurs
  2 big kobolds
  2 giant frogs
  5 killer bees (D:9)
  A howler monkey (D:8)
  6 crimson imps
  A centaur zombie (D:5)
  2 giant frog zombies (D:10)
  A quasit (D:5)
  A centaur skeleton (D:8)
  5 hounds
  3 orc priests
  A giant frog skeleton (D:7)
  Crazy Yiuf (D:7)
  A jelly (D:9)
  16 orc wizards
  Jessica (D:2)
  4 iguanas
  8 worker ants
  2 hound skeletons
  A worker ant zombie (D:9)
  5 gnolls
  13 adders
  A shadow imp (D:5)
  3 oozes
  An adder skeleton (D:9)
  4 worms
  4 dart slugs
  4 giant geckos
  28 orcs
  4 giant cockroaches
  3 goblins
  8 hobgoblins
  2 jackals (D:1)
  12 kobolds
  3 quokkas
  3 ball pythons
  5 bats
  2 giant gecko skeletons (D:6)
  4 giant newts
  A jackal skeleton (D:9)
  A quokka skeleton (D:4)
  17 rats
  A fungus (D:7)
240 creatures vanquished.

Notes
Turn   | Place    | Note
--------------------------------------------------------------
     0 | D:1      | saintsgambit the Minotaur Gladiator began the quest for the Orb.
     0 | D:1      | Reached XP level 1. HP: 18/18 MP: 0/0
   219 | D:1      | Reached skill level 4 in Staves
   222 | D:1      | Reached XP level 2. HP: 24/25 MP: 1/1
   487 | D:1      | Reached XP level 3. HP: 28/30 MP: 2/2
   875 | D:2      | Reached skill level 1 in Armour
   998 | D:2      | Reached XP level 4. HP: 19/37 MP: 3/3
  1024 | D:2      | Reached skill level 5 in Staves
  1230 | D:2      | Reached XP level 5. HP: 30/44 MP: 4/4
  1439 | D:2      | Noticed Jessica
  1450 | D:2      | Killed Jessica
  1955 | D:3      | Found an oddly glowing altar of Pakellas.
  2486 | D:4      | HP: 2/45 [orc wizard/dagger (4)]
  2488 | D:4      | Gained mutation: You are frail (-10% HP). [potion of mutation]
  2488 | D:4      | Gained mutation: You regenerate slowly when monsters are visible. [potion of mutation]
  2488 | D:4      | Gained mutation: You are partially covered in rough black scales (AC +4, Dex -1). [potion of mutation]
  2490 | D:4      | Gained mutation: You have large cloven feet. [potion of beneficial mutation]
  2497 | D:4      | Reached skill level 1 in Stealth
  2497 | D:4      | Reached XP level 6. HP: 20/45 MP: 5/5
  2814 | D:4      | Reached skill level 5 in Dodging
  2902 | D:4      | Found an iron altar of Okawaru.
  2909 | D:4      | Became a worshipper of Warmaster Okawaru
  2913 | D:4      | Noticed Bacchanal's ghost (novice FoAM)
  2931 | D:4      | Killed Bacchanal's ghost
  2931 | D:4      | Reached * piety under Okawaru
  2931 | D:4      | Reached skill level 6 in Staves
  2931 | D:4      | Reached XP level 7. HP: 49/53 MP: 6/6
  3161 | D:5      | Entered Level 5 of the Dungeon
  3274 | D:5      | Found a sparkling altar of Nemelex Xobeh.
  3308 | D:5      | Reached skill level 5 in Armour
  3314 | D:5      | Reached XP level 8. HP: 19/60 MP: 5/7
  3434 | D:5      | Found a staircase to the Ecumenical Temple.
  3443 | D:5      | Reached ** piety under Okawaru
  3730 | D:5      | Found an opulent altar of Gozag.
  3835 | D:5      | Noticed Grinder
  3844 | D:5      | Reached skill level 5 in Fighting
  3844 | D:5      | Reached skill level 7 in Staves
  3852 | D:5      | Killed Grinder
  4188 | D:6      | Reached skill level 1 in Invocations
  4399 | D:6      | Reached *** piety under Okawaru
  4629 | D:6      | Found a shadowy altar of Dithmenos.
  4657 | D:6      | Reached XP level 9. HP: 52/67 MP: 8/8
  4812 | D:7      | Noticed Crazy Yiuf
  4817 | D:7      | Killed Crazy Yiuf
  5327 | D:7      | Reached skill level 8 in Staves
  5416 | D:7      | Paralysed by a wasp for 3 turns
  5474 | D:7      | You fall through a shaft for 2 floors!
  5579 | D:8      | Reached **** piety under Okawaru
  5617 | D:8      | Noticed Grum
  5630 | D:8      | Killed Grum
  5973 | D:8      | Noticed an obsidian statue
  6515 | D:9      | Reached skill level 9 in Staves
  6530 | D:9      | Reached XP level 10. HP: 44/77 MP: 7/9
  7397 | D:9      | Noticed a centaur warrior
  7403 | D:9      | Killed a centaur warrior
  7403 | D:9      | Reached skill level 10 in Staves
  7652 | D:10     | Entered Level 10 of the Dungeon
  7674 | D:10     | Noticed an unseen horror
  7690 | D:10     | Killed an unseen horror
  7690 | D:10     | Reached ***** piety under Okawaru
  7761 | D:10     | Received a gift from Okawaru
  7761 | D:10     | Reached skill level 10 in Dodging
  7806 | D:10     | Noticed a hill giant
  7823 | D:10     | Killed a hill giant
  8143 | D:10     | Reached XP level 11. HP: 41/85 MP: 8/11
  8356 | D:10     | Reached skill level 11 in Staves
  8359 | D:10     | Received a gift from Okawaru
  8695 | D:11     | Noticed Fannar
  8730 | D:11     | Killed Fannar
  8780 | D:11     | Killed from afar by a manticore

Skill      XL: |  1  2  3  4  5  6  7  8  9 10 11 |
---------------+----------------------------------+-----
Staves         | 4 5 6 7 9 10 11 | 11.3
Armour         | 1 2 3 4 5 6 7 9 |  9.5
Dodging        | 4 5 6 8 9 10 | 10.7
Fighting       | 3 4 5 7 8 |  8.8
Stealth        | 1 2 |  2.4
Throwing       | 3 |  3.5
Invocations    | 1 2 |  2.6

Action                   |  1- 3 |  4- 6 |  7- 9 | 10-12 || total
-------------------------+-------+-------+-------+-------++-------
Melee: Quarterstaff      |    79 |   130 |   388 |   268 ||   865
       Headbutt          |     6 |    15 |    70 |    54 ||   145
       Kick              |       |    14 |   118 |    83 ||   215
Throw: Throwing net      |     3 |     9 |     3 |     2 ||    17
       Javelin           |       |     2 |       |     6 ||     8
Invok: Heroism           |       |       |     8 |     9 ||    17
  Use: Potion            |       |     7 |     2 |       ||     9
       Scroll            |       |     2 |     5 |     8 ||    15
 Stab: Held in net/web   |     1 |       |       |       ||     1
  Eat: Chunk             |       |     3 |       |     3 ||     6
       Pizza             |       |     1 |       |       ||     1
       Bread ration      |       |     1 |     2 |     2 ||     5
       Beef jerky        |       |       |       |     1 ||     1
Armor: Leather armour    |    20 |     2 |       |       ||    22
       Ring mail         |       |    58 |    70 |       ||   128
       Scale mail        |       |       |    97 |    69 ||   166
       Steam dragon armo |       |       |       |     8 ||     8
Dodge: Dodged            |    45 |    81 |   326 |   184 ||   636
